 Dungeon Crawl Stone Soup version 0.27.1-2-g3b301248ec (webtiles) character file.

Game seed: 16825772548718182832

77030 Mesmaeker13 the Convoker (level 15, -13/120 HPs)
             Began as a Barachi Summoner on Oct 3, 2021.
             Was a Believer of Ashenzari.
             Shot with a stone by a faun (16 damage)
             ... on level 2 of the Shoals.
             The game lasted 01:32:49 (37482 turns).

Mesmaeker13 the Convoker (Barachi Summoner)        Turns: 37482, Time: 01:32:50

Health: -13/120    AC: 14    Str: 12    XL:     15   Next: 55%
Magic:  16/29      EV: 15    Int: 19    God:    Ashenzari [**....]
Gold:   1320       SH: 19    Dex: 13    Spells: 6/34 levels left

rFire    + . .     SeeInvis +   T - +12 spear of the Dancing Hero {venom, +Rage}
rCold    + + .     Faith    .   N - +2 kite shield {rC+}
rNeg     . . .     Spirit   .   s - +2 robe {rC+ rF+}
rPois    +         Reflect  +   h - +1 helmet "Cursed With Me" {Fort, Evo} (curse)
rElec    .         Harm     .   L - +0 cloak
rCorr    .         Rampage  .   M - +2 pair of gloves
Will     +....                  m - +2 pair of boots of Ashenzari's Comet {Evo, Comp} (curse)
Stlth    +.........             c - amulet of reflection
HPRegen  0.30/turn              d - ring of poison resistance
MPRegen  0.21/turn              q - ring of Ashenzari's Submission {Will+, Self, Melee} (curse)

@: lethally poisoned (-13 -> -32), lit by a corona, weak-willed, mesmerised,
glowing, slow
A: amphibious, slowness 1, strong legs 2, +LOS
a: Hop, Renounce Religion, Evoke Berserk Rage, Curse Item, Shatter the Chains


You were on level 2 of the Shoals.
You worshipped Ashenzari.
Ashenzari was pleased with you.
You visited 5 branches of the dungeon, and saw 26 of its levels.
You also visited: Gauntlet and Ice Cave.

You collected 3354 gold pieces.
You spent 2034 gold pieces at shops.

Inventory:

Hand Weapons
 b - a +0 vorpal trident
 t - a +1 flail of holy wrath
 H - a +2 trident of venom
 T - the +12 spear of the Dancing Hero (weapon) {venom, +Rage}
   (You found it on level 13 of the Dungeon)

   It poisons the flesh of those it strikes.
   +Rage:     It lets you go berserk.
Missiles
 n - 2 throwing nets
 y - 10 curare-tipped darts (quivered)
Armour
 h - the cursed +1 helmet "Cursed With Me" (worn) {Fort, Evo}
   (You took it off Robin on level 2 of the Dungeon)

   It has a curse which improves the following skills: Fortitude: Armour and
   Shields.
   Evocations: Evocations.
 m - the cursed +2 pair of boots of Ashenzari's Comet (worn) {Evo, Comp}
   (You found it on level 2 of the Dungeon)

   It has a curse which improves the following skills: Evocations: Evocations.
   Companions: Summonings and Necromancy.
 s - a +2 robe of resistance (worn)
 F - the +1 leather armour of Indomitability {+Inv rElec Int-3 Stlth+}
   (You found it on level 11 of the Dungeon)

   Int:       It affects your intelligence (-3).
   rElec:     It insulates you from electricity.
   +Inv:      It lets you turn invisible.
   Stlth:     It makes you more stealthy.
 J - +0 acid dragon scales
 L - a +0 cloak (worn)
 M - a +2 pair of gloves (worn)
 N - a +2 kite shield of cold resistance (worn)
Jewellery
 c - an amulet of reflection (around neck)
 d - a ring of poison resistance (left hand)
 g - a +6 ring of intelligence
 q - the cursed ring of Ashenzari's Submission (right hand) {Will+, Self, Melee}
   (You found it on level 1 of the Lair of Beasts)

   [ring of willpower]

   Will:      It increases your willpower.
   It has a curse which improves the following skills: Introspection: Fighting
   and Spellcasting.
   Melee Combat: Short Blades, Long Blades, Axes, Maces & Flails, Polearms,
   Staves and Unarmed Combat.
 I - an amulet of regeneration
 V - a ring of resist corrosion
Wands
 D - a wand of digging (2)
 U - a wand of charming (11)
Scrolls
 e - a scroll of enchant weapon
 f - 4 scrolls of vulnerability
 l - 9 scrolls of teleportation
 o - 2 scrolls of fog
 A - 7 scrolls of magic mapping
 E - 3 scrolls of immolation
 G - 2 scrolls of amnesia
 K - a scroll of blinking
Potions
 a - 8 potions of brilliance
 j - 4 potions of curing
 k - 7 potions of flight
 p - 3 potions of lignification
 u - 4 potions of ambrosia
 v - 2 potions of magic
 w - 2 potions of mutation
 x - 3 potions of haste
 z - 2 potions of cancellation
 C - 6 potions of might
 R - a potion of invisibility
 S - a potion of berserk rage
Miscellaneous
 O - a tin of tremorstones (2/2)


   Skills:
 - Level 10.7(12.0) Fighting
 - Level 6.6(8.1) Polearms
 - Level 5.1(6.5) Armour
 - Level 8.2 Dodging
 - Level 1.7 Stealth
 + Level 12.6(13.8) Shields
 - Level 8.5(10.0) Spellcasting
 - Level 8.2 Hexes
 + Level 15.4(16.6) Summonings
 + Level 4.6 Translocations
 - Level 9.2 Ice Magic
 - Level 8.3 Air Magic


You had 6 spell levels left.
You knew the following spells:

 Your Spells              Type           Power      Damage    Failure   Level
a - Slow                  Hex            40%        N/A       1%          2
b - Malign Gateway        Summ/Tloc      24%        N/A       67%         7
c - Call Canine Familiar  Summ           64%        N/A       1%          3
d - Summon Lightning Spi  Summ/Air       54%        N/A       1%          4
e - Tukima's Dance        Hex            40%        N/A       1%          3
f - Frozen Ramparts       Ice            88%        1d10      1%          3
g - Shadow Creatures      Summ           N/A        N/A       1%          6

Your spell library contained the following spells:

 Spells                   Type           Power      Damage    Failure   Level
 Summon Small Mammal      Summ           100%       N/A       0%          1
 Call Imp                 Summ           64%        N/A       0%          2
 Corona                   Hex            44%        N/A       1%          1
 Freeze                   Ice            100%       1d11      1%          1
 Ensorcelled Hibernation  Hex/Ice        84%        N/A       1%          2
 Confusing Touch          Hex            40%        N/A       1%          3
 Summon Guardian Golem    Hex/Summ       54%        N/A       1%          3
 Swiftness                Air            41%        N/A       1%          3
 Sublimation of Blood     Necr           5%         N/A       12%         2
 Passwall                 Tmut/Erth      7%         N/A       13%         2
 Wereblood                Tmut           9%         N/A       13%         2
 Hailstorm                Conj/Ice       27%        3d7       13%         4
 Vampiric Draining        Necr           5%         2d6       24%         3
 Spider Form              Tmut/Pois      4%         N/A       26%         3
 Invisibility             Hex            20%        N/A       41%         6
 Animate Dead             Necr           5%         N/A       63%         4
 Alistair's Intoxication  Tmut/Pois      6%         N/A       93%         5
 Borgnjor's Vile Clutch   Necr/Erth      4%         N/A       93%         5
 Death Channel            Necr           5%         N/A       100%        6
 Eringya's Noxious Bog    Tmut/Pois      4%         N/A       100%        6
 Summon Hydra             Summ           32%        N/A       8%          7
 Summon Horrible Things   Summ           32%        N/A       52%         8


Dungeon Overview and Level Annotations

Branches:
Dungeon (15/15)            Temple (1/1) D:5            Lair (6/6) D:10
 Shoals (2/4) Lair:2        Snake (0/4) Lair:4        Slime (0/5) Lair:6
    Orc (2/2) D:9             Elf (0/3) Orc:2        Vaults (0/5) D:13
 Depths (0/5) D:15          IceCv (visited)         Gauntlet (visited)

Altars:
Ashenzari
Cheibriados
Dithmenos
Elyvilon
Gozag
Hepliaklqana
Kikubaaqudgha
Makhleb
Nemelex Xobeh
Okawaru
Qazlal
Ru
Trog
Uskayaw
Yredelemnul
The Shining One
Beogh
Jiyva

Shops:
D:4 [((?   D:8 (   Orc:2 :*[?[   Shoals:1 =   Shoals:2 (

Portals:
Pandemonium: Orc:2

Annotations:
D:4 3 exclusions
Lair:2 2 transporters, exclusion: 2 oklob plants, randomnickname22's ghost, novice DsNe
Lair:3 3 runed translucent doors, Kubamp's ghost, journeyman DEAE
Shoals:1 2 transporters, Qaufosch's ghost, adept DsGl
Shoals:2 Ilsuiw


Innate Abilities, Weirdness & Mutations

You are amphibious.
You cover ground slowly.
You can hop long distances.
You have an extended range of vision and can be seen from far away.


Message History

Confirm with . or Enter, or press ? or * to list all spells.
An electric hum fills the air.
Your lightning spire disappears in a puff of smoke!
The faun shoots a stone.
The stone hits you.
* * * LOW HITPOINT WARNING * * *
You block the merfolk aquamancer's attack.
The faun shoots a stone.
The stone hits your manticore!
You hit the merfolk aquamancer but do no damage.
The merfolk aquamancer looks as sick as possible!
The merfolk aquamancer is moderately wounded.
The water elemental hits your lightning spire.
Your manticore misses the merfolk aquamancer.
Your manticore claws the merfolk aquamancer!
Your manticore claws the merfolk aquamancer.
The merfolk siren chants its luring song.
The faun shoots a stone.
You reflect the stone off an invisible shield around you!
The stone hits the faun!!
The stone burns the faun.
You kill the faun!
Unknown command.
You cannot move away from the merfolk siren!
You hit the merfolk aquamancer.
The merfolk aquamancer is heavily wounded.
The faun shoots a stone.
The stone hits your manticore!
You block the merfolk aquamancer's attack.
The faun unwields a +0 spear.
The faun wields a +0 hunting sling.
The faun shoots a sling bullet.
The sling bullet hits you!!
* * * LOW HITPOINT WARNING * * *
The water elemental completely misses your lightning spire.
Your manticore bites the merfolk aquamancer.
Your manticore claws the merfolk aquamancer!
Your manticore misses the merfolk aquamancer.
You feel better.
The merfolk siren chants its luring song.
The merfolk aquamancer hits you with a +2 rapier of venom!
* * * LOW HITPOINT WARNING * * *
You are lethally poisoned!
The faun shoots a stone.
The stone barely misses your manticore. The stone hits you!
You die...

≈≈≈≈≈≈.......≈≈≈≈≈..#* *.....
≈≈≈≈≈≈≈≈.....≈≈≈≈...# *,!..≈..
≈≈.≈≈≈≈≈≈≈..≈≈≈≈....# ..≈≈≈.#
≈≈.≈≈≈≈≈≈≈≈≈≈≈≈≈....## ..≈≈≈≈.
≈.≈≈≈≈≈≈≈≈≈≈≈≈...#...##...≈≈≈.
≈≈.≈≈≈≈≈≈≈≈≈)....#.#......≈≈≈..
≈≈.≈≈≈≈≈≈≈≈≈..E#[..#..(≈≈≈≈≈≈.
≈≈...≈≈≈÷(≈<.8#..∩..#.≈≈≈≈≈≈≈≈
≈≈...≈≈≈≈≈(..@m#.m.#..≈≈≈≈≈≈≈≈
≈.............H.#.#......≈≈≈≈≈
≈≈≈.≈((#....).....#.......≈≈≈≈≈
≈≈... #.......)..))...(...≈≈≈≈
..≈m, #.........).....≈..≈≈≈≈≈
≈≈ #......))..>m....#.≈...≈
,,....(.......c.....##..... ≈
,.........>...........###.
,.#.≈≈≈.....)..c......## ##.


You could see a merfolk aquamancer (extremely poisoned, ally target), 2 fauns, a
water elemental, a merfolk siren (mesmerising), a friendly manticore (summoned)
and a friendly lightning spire (summoned).

Vanquished Creatures
  Saint Roka (Orc:2)
  Nessos (Orc:2)
  A white draconian (IceCv)
  Josephine (Orc:1)
  3 ice dragons
  3 hydras
  A centaur warrior (D:15)
  4 death yaks (Lair:5)
  A two-headed ogre (D:13)
  A merfolk aquamancer (Shoals:1)
  A tengu warrior (D:15)
  2 sea snakes
  A deep elf pyromancer (D:12)
  A wizard (D:15)
  2 harpies (Shoals:1)
  5 orc knights
  A lindwurm (Lair:6)
  3 orc sorcerers
  4 ugly things
  2 fauns (Shoals:2)
  4 manticores
  3 elephants (Lair:4)
  A rust devil (Orc:2)
  2 merfolk sirens
  A black mamba (Lair:6)
  2 ice statues (IceCv)
  A torpor snail (Lair:6)
  3 cane toads
  2 gargoyles
  5 rime drakes
  An unseen horror (D:12)
  A yaktaur (D:12)
  8 merfolk
  A tyrant leech (Lair:6)
  5 hornets (Lair:6)
  A troll (D:13)
  A slime creature (D:12)
  A blink frog (Lair:4)
  3 dream sheep
  5 water elementals (Shoals:1)
  A wraith (D:9)
  A vampire (D:12)
  3 wyverns
  20 yaks
  4 vampire mosquitoes
  A warg (D:15)
  A neqoxec (Orc:2)
  A naga (Lair:4)
  2 water moccasins
  2 acid dragons
  12 orc warriors
  2 ogres
  A centaur (D:14)
  6 wolves
  2 kobold brigands (D:7)
  3 bullfrogs
  2 gnoll sergeants
  7 wights
  A komodo dragon simulacrum (IceCv)
  2 jellies
  9 orc priests
  5 hell rats
  7 orc wizards
  Terence (D:2)
  2 killer bee zombies
  A hound zombie (D:5)
  7 gnolls
  A howler monkey skeleton (D:7)
  An adder (D:2)
  A river rat (Lair:4)
  A white imp (D:6)
  A steam dragon simulacrum (IceCv)
  An adder skeleton (D:4)
  A worm (D:2)
  3 dart slugs
  38 orcs
  3 bats
  An endoplasm (D:4)
  3 giant cockroaches
  6 goblins
  7 hobgoblins
  A jackal (D:3)
  6 quokkas
  3 ball pythons
  4 frilled lizards
  12 kobolds
  3 rats
293 creatures vanquished.

Vanquished Creatures (collateral kills)
  An orc warlord (D:9)
  A merfolk javelineer (Shoals:2)
  3 merfolk impalers
  A fire dragon (Lair:6)
  An ettin (D:9)
  2 boulder beetles
  5 hydras
  A rakshasa (D:14)
  A catoblepas (Lair:6)
  A merfolk aquamancer (Shoals:1)
  A centaur warrior (D:14)
  5 orc high priests (Orc:2)
  2 death yaks
  A fire crab (shapeshifter) (D:15)
  2 sea snakes (Shoals:2)
  A torturous demonspawn (Orc:2)
  A swamp dragon (Lair:6)
  2 lindwurms
  A deep elf pyromancer (D:15)
  A wizard (D:13)
  7 harpies (Shoals:1)
  3 manticores
  5 orc sorcerers (Orc:2)
  6 ugly things
  4 fauns
  4 cyclopes
  2 elephants (Lair:4)
  6 black mambas
  2 merfolk sirens (Shoals:2)
  A centaur zombie (D:10)
  An orange demon (Orc:2)
  5 torpor snails (Lair:6)
  9 cane toads
  An efreet (D:13)
  4 rime drakes
  8 komodo dragons
  Maggie (D:9)
  3 yaktaurs (D:12)
  An ice devil (Orc:2)
  A freezing wraith (D:13)
  3 tengu conjurers
  3 trolls
  2 tyrant leeches (Lair:6)
  6 merfolk
  3 polar bears
  3 wind drakes
  2 hornets (Lair:6)
  5 slime creatures (D:12)
  23 dream sheep
  3 snapping turtles (Shoals:1)
  4 blink frogs (Lair:4)
  3 shadows (D:12)
  Sigmund (D:2)
  A vampire (D:12)
  4 water elementals
  5 wraiths
  A tarantella (shapeshifter) (D:15)
  28 yaks
  6 basilisks
  7 vampire mosquitoes
  A steam dragon (Lair:6)
  3 nagas (Lair:4)
  4 wargs
  7 water moccasins
  15 orc warriors
  An ice beast (D:5)
  2 swamp drakes (Lair:6)
  A necrophage (D:5)
  A black bear (D:7)
  2 ogres
  7 wolves
  2 phantoms
  A centaur (D:14)
  A kobold brigand (D:9)
  A gnoll sergeant (D:9)
  11 bullfrogs
  3 scorpions
  6 wights
  3 lindwurm simulacra (IceCv)
  2 howler monkeys (D:13)
  2 jellies
  8 komodo dragon simulacra (IceCv)
  19 orc priests
  2 iguanas (Lair:6)
  12 orc wizards
  3 hell rats
  Robin (D:2)
  6 gnolls
  10 river rats (Lair:4)
  2 acid dragon simulacra (IceCv)
  An adder (D:4)
  2 ufetubi
  6 steam dragon simulacra (IceCv)
  2 worms
  43 orcs
  4 ball pythons
  4 endoplasms
  A giant cockroach (D:1)
  4 hobgoblins
  A jackal (D:3)
  7 kobolds
  A quokka (D:3)
  2 bats
  2 frilled lizards
  9 goblins
  A rat (D:3)
450 creatures vanquished.

Vanquished Creatures (others)
  9 demonic plants (Gauntlet)
  23 fungi
  100 plants
132 creatures vanquished.

Grand Total: 875 creatures vanquished

Notes
Turn   | Place    | Note
-------+----------+-------------------------------------------
     0 | D:1      | Mesmaeker13 the Barachi Summoner began the quest for the
                  | Orb.
     0 | D:1      | Reached XP level 1. HP: 13/13 MP: 3/3
   324 | D:1      | Reached skill level 5 in Summonings
   551 | D:1      | Reached XP level 2. HP: 19/19 MP: 1/5
  1754 | D:1      | Learned a level 2 spell: Call Imp
  1807 | D:1      | Reached XP level 3. HP: 4/24 MP: 1/7
  2184 | D:2      | Noticed Robin
  2740 | D:2      | Noticed Sigmund
  3077 | D:2      | Killed Robin
  3288 | D:3      | Learned a level 3 spell: Call Canine Familiar
  3540 | D:3      | Reached XP level 4. HP: 27/30 MP: 4/8
  4200 | D:3      | Reached skill level 1 in Shields
  4357 | D:3      | Found a faded altar of an unknown god.
  4895 | D:4      | Found Bitryoce's Weapon Boutique.
  5204 | D:4      | Noticed an ogre
  5322 | D:4      | Found Mivefeses's Magic Scroll Boutique.
  5401 | D:4      | Found Kihujia's Weapon Shoppe.
  5417 | D:4      | Killed an ogre
  5418 | D:4      | Reached skill level 6 in Summonings
  5418 | D:4      | Reached XP level 5. HP: 17/35 MP: 4/10
  5612 | D:4      | Found Epluv's Armour Shoppe.
  5811 | D:5      | Entered Level 5 of the Dungeon
  5874 | D:5      | Learned a level 4 spell: Summon Lightning Spire
  5951 | D:5      | Reached XP level 6. HP: 7/41 MP: 7/11
  6300 | D:5      | Found a staircase to the Ecumenical Temple.
  6304 | D:5      | Noticed a water moccasin
  6315 | D:5      | Killed a water moccasin
  6316 | D:5      | Reached skill level 1 in Air Magic
  6369 | Temple   | Entered the Ecumenical Temple
  6393 | Temple   | Became a worshipper of Ashenzari the Shackled
  6413 | D:5      | Noticed an ice beast
  6444 | D:5      | Killed an ice beast
  6534 | D:5      | Identified the +0 leather armour "Mumaxurr" {rF+ Str+4}
  7182 | D:5      | Noticed a necrophage
  7202 | D:5      | Killed a necrophage
  7203 | D:5      | Reached XP level 7. HP: 46/46 MP: 3/13
  8117 | D:6      | Reached skill level 7 in Summonings
  8548 | D:2      | Killed Sigmund
  8549 | D:2      | Reached skill level 5 in Spellcasting
  8734 | D:2      | Noticed Terence
  8743 | D:2      | Killed Terence
  9330 | D:7      | Reached XP level 8. HP: 52/52 MP: 7/15
  9781 | D:7      | Identified the amulet "Yvazom" {rC- Will+++ Regen+ Str-5
                  | SInv}
  9953 | D:7      | Reached skill level 8 in Summonings
  9998 | D:7      | Reached skill level 1 in Armour
 10726 | D:8      | Noticed a yak
 10732 | D:8      | Noticed a yak
 10735 | D:8      | Killed a yak
 10736 | D:8      | Reached skill level 5 in Air Magic
 10736 | D:8      | Noticed a yak
 10744 | D:8      | Killed a yak
 10747 | D:8      | Killed a yak
 10823 | D:8      | Found Baddur's Weapon Emporium.
 10839 | D:8      | Noticed a yak
 10840 | D:8      | Noticed a yak
 10840 | D:8      | Noticed a yak
 10840 | D:8      | Noticed a yak
 10843 | D:8      | Noticed a yak
 10847 | D:8      | Killed a yak
 10848 | D:8      | Reached XP level 9. HP: 57/57 MP: 13/17
 10849 | D:8      | Reached skill level 9 in Summonings
 11585 | D:9      | Reached skill level 5 in Armour
 11626 | D:9      | Noticed Maggie
 12166 | D:9      | Killed Maggie
 12445 | D:9      | Reached skill level 10 in Summonings
 12901 | D:9      | Found a staircase to the Orcish Mines.
 13134 | D:9      | Identified the +1 dagger of Foolhardiness {drain, Will+}
 13891 | D:10     | Entered Level 10 of the Dungeon
 13936 | D:10     | Reached XP level 10. HP: 60/63 MP: 15/18
 13942 | D:10     | Reached skill level 5 in Dodging
 14593 | D:10     | Found a glowing golden altar of the Shining One.
 14644 | D:10     | Found a staircase to the Lair.
 14830 | Lair:1   | Entered Level 1 of the Lair of Beasts
 14990 | Lair:1   | Noticed a black mamba
 14995 | Lair:1   | Killed a black mamba
 14996 | Lair:1   | Reached skill level 1 in Fighting
 14996 | Lair:1   | Reached skill level 11 in Summonings
 15006 | Lair:1   | Reached * piety under Ashenzari
 15815 | Lair:2   | Noticed a cane toad
 15818 | Lair:2   | Killed a cane toad
 15882 | Lair:2   | Noticed a cane toad
 15883 | Lair:2   | Noticed randomnickname22's ghost (novice DsNe)
 15885 | Lair:2   | Noticed an oklob plant
 15890 | Lair:2   | Noticed an oklob plant
 15892 | Lair:2   | Noticed a torpor snail
 15897 | Lair:2   | Noticed a six-headed hydra
 16136 | Lair:2   | Found a staircase to the Shoals.
 16237 | Lair:2   | Found a transporter.
 16237 | Lair:2   | Found a transporter.
 16421 | Lair:2   | Noticed a six-headed hydra
 16496 | Lair:3   | Noticed a lindwurm
 16503 | Lair:3   | Noticed an eight-headed hydra
 16505 | Lair:3   | Killed a lindwurm
 16513 | Lair:3   | Killed an eight-headed hydra
 16568 | Lair:3   | Noticed an eight-headed hydra
 16575 | Lair:3   | Killed an eight-headed hydra
 16576 | Lair:3   | Reached XP level 11. HP: 74/77 MP: 7/21
 16927 | Lair:3   | Noticed a minotaur
 16930 | Lair:3   | Noticed Kubamp's ghost (journeyman DEAE)
 17059 | Lair:3   | Found a runed translucent gate.
 17059 | Lair:3   | Found a runed translucent gate.
 17059 | Lair:3   | Found a runed translucent gate.
 17183 | Lair:3   | Reached skill level 5 in Fighting
 17214 | Lair:3   | Reached skill level 12 in Summonings
 17228 | Lair:3   | Noticed a six-headed hydra
 17650 | Lair:3   | Killed a six-headed hydra
 18081 | Lair:3   | Learned a level 2 spell: Slow
 18236 | Lair:4   | Found a staircase to the Snake Pit.
 18424 | Lair:4   | Reached skill level 1 in Hexes
 18864 | Lair:4   | Noticed a seven-headed hydra
 18874 | Lair:4   | Killed a seven-headed hydra
 18980 | Lair:4   | Reached XP level 12. HP: 91/91 MP: 14/24
 19092 | Lair:4   | Reached skill level 1 in Polearms
 19247 | Lair:4   | Reached skill level 13 in Summonings
 19417 | Lair:4   | Reached ** piety under Ashenzari
 20144 | Lair:5   | Noticed a death yak
 20144 | Lair:5   | Noticed a death yak
 20144 | Lair:5   | Noticed a death yak
 20144 | Lair:5   | Noticed a death yak
 20145 | Lair:5   | Noticed a death yak
 20154 | Lair:5   | Noticed a death yak
 20160 | Lair:4   | Killed a death yak
 20239 | Lair:5   | Killed a death yak
 20240 | Lair:5   | Killed a death yak
 20241 | Lair:5   | Reached skill level 5 in Hexes
 20254 | Lair:5   | Killed a death yak
 20262 | Lair:5   | Killed a death yak
 20264 | Lair:5   | Killed a death yak
 20586 | Lair:6   | Entered Level 6 of the Lair of Beasts
 20586 | Lair:6   | Noticed a four-headed hydra
 20597 | Lair:6   | Noticed a catoblepas
 20726 | Lair:6   | Found a viscous altar of Jiyva.
 20727 | Lair:6   | Found a staircase to the Slime Pits.
 20845 | Lair:6   | Killed a four-headed hydra
 21229 | Lair:6   | Killed a catoblepas
 21230 | Lair:6   | Gained mutation: You can hop long distances. [Barachi
                  | growth]
 21230 | Lair:6   | Reached XP level 13. HP: 104/104 MP: 22/27
 21337 | Lair:6   | Reached skill level 14 in Summonings
 21386 | Lair:6   | Reached skill level 5 in Polearms
 21520 | Lair:6   | Found a runed translucent door.
 21520 | Lair:6   | Noticed an ice dragon
 21777 | Lair:6   | Reached skill level 10 in Fighting
 22198 | Lair:6   | Noticed a fire dragon
 22209 | Lair:6   | Killed a fire dragon
 22473 | Lair:6   | Killed an ice dragon
 22820 | Orc:1    | Entered Level 1 of the Orcish Mines
 22820 | Orc:1    | Noticed Josephine
 22820 | Orc:1    | Noticed an ettin
 22976 | Orc:1    | Noticed an orc warlord
 23059 | D:9      | Killed an ettin
 23226 | D:11     | Found a gate leading to a gauntlet.
 23236 | Gauntlet | Entered a Gauntlet
 23236 | Gauntlet | Found a transporter.
 23236 | Gauntlet | Found a transporter.
 23239 | Gauntlet | Found a transporter.
 23239 | Gauntlet | Found a transporter.
 23255 | Gauntlet | Found a transporter.
 23267 | Gauntlet | Found a transporter.
 23284 | Gauntlet | Found a transporter.
 23297 | Gauntlet | Found a transporter.
 23302 | Gauntlet | Identified the ring of Fedhas's Delight {rF- rC+ Dex+4
                  | SInv}
 23303 | Gauntlet | Noticed a reaper
 23400 | Gauntlet | Found a transporter.
 23408 | Gauntlet | Found a transporter.
 23410 | Gauntlet | Found a large runed translucent door.
 23410 | Gauntlet | Found a large runed translucent door.
 23411 | Gauntlet | Found a large runed translucent door.
 23411 | Gauntlet | Found a large runed translucent door.
 23412 | Gauntlet | Found a large runed translucent door.
 23412 | Gauntlet | Found a large runed translucent door.
 23412 | Gauntlet | Found a runed translucent door.
 23412 | Gauntlet | Found a runed translucent door.
 23412 | Gauntlet | Found a large runed translucent door.
 23412 | Gauntlet | Found a large runed translucent door.
 23413 | Gauntlet | Found a large runed translucent door.
 23413 | Gauntlet | Found a large runed translucent door.
 24042 | D:11     | Identified the +1 leather armour of Indomitability {+Inv
                  | rElec Int-3 Stlth+}
 24538 | D:12     | Found a frozen archway.
 24558 | IceCv    | Entered an ice cave
 25385 | IceCv    | Noticed a white draconian
 25857 | IceCv    | Killed a white draconian
 26208 | D:12     | Identified the +6 quarterstaff "Orb Guardian's Foe"
                  | {antimagic, Fragile rF++ Will+ Dex+3}
 26219 | D:12     | Reached skill level 5 in Shields
 27219 | D:13     | Reached XP level 14. HP: 115/115 MP: 24/28
 27257 | D:13     | Learned a level 3 spell: Tukima's Dance
 27420 | D:13     | Found a gate to the Vaults.
 27580 | D:13     | Identified the +12 spear of the Dancing Hero {venom, +Rage}
 28145 | D:14     | Learned a level 3 spell: Frozen Ramparts
 28246 | D:14     | Reached skill level 1 in Ice Magic
 29027 | D:15     | Entered Level 15 of the Dungeon
 29671 | D:15     | Reached skill level 5 in Ice Magic
 29953 | D:15     | Found a staircase to the Depths.
 30050 | D:15     | Reached skill level 10 in Shields
 30271 | D:15     | Found a sparkling altar of Nemelex Xobeh.
 30882 | D:9      | Killed an orc warlord
 31045 | Orc:1    | Killed Josephine
 31371 | Orc:2    | Entered Level 2 of the Orcish Mines
 31374 | Orc:2    | Found a staircase to the Elven Halls.
 31577 | Orc:2    | Noticed Nessos
 31586 | Orc:2    | Killed Nessos
 32072 | Orc:1    | Paralysed by an orc sorcerer for 3 turns
 32560 | Orc:2    | Found Xiogg's General Store.
 32601 | Orc:2    | Found Ulygot's Magic Scroll Shop.
 32800 | Orc:2    | Bought a +2 pair of gloves for 264 gold pieces
 32864 | Orc:2    | Found Ruzel's Armour Emporium.
 32883 | Orc:2    | Noticed Saint Roka
 33643 | Orc:2    | Killed Saint Roka
 34285 | Orc:2    | Reached XP level 15. HP: 120/120 MP: 25/29
 34629 | Orc:2    | Found Heojiusk's Book Shoppe.
 34629 | Orc:2    | Found Soideong's Antique Armour Emporium.
 34629 | Orc:2    | Found a one-way gate leading to the halls of Pandemonium.
 34636 | Orc:2    | Bought a Grand Grimoire for 578 gold pieces
 34636 | Orc:2    | Bought a book of Blood for 476 gold pieces
 34636 | Orc:2    | Bought a book of Dreams for 476 gold pieces
 34644 | Orc:2    | Learned a level 6 spell: Shadow Creatures
 34653 | Orc:2    | Learned a level 7 spell: Malign Gateway
 34961 | Shoals:1 | Entered Level 1 of the Shoals
 34961 | Shoals:1 | Found Pajygetu's Jewellery Shoppe.
 35039 | Shoals:1 | Identified the +7 hand axe "Uroamp" {antimagic, Fragile rF+
                  | rCorr}
 35040 | Shoals:1 | Found a transporter.
 35045 | Shoals:1 | Noticed Qaufosch's ghost (adept DsGl)
 35059 | Shoals:1 | Found a transporter.
 35092 | Shoals:1 | Reached skill level 1 in Translocations
 35362 | Shoals:1 | Bought a ring of poison resistance for 240 gold pieces
 35860 | Shoals:1 | Reached skill level 15 in Summonings
 36654 | Shoals:2 | Noticed Ilsuiw
 36770 | Shoals:2 | Found Naun's Weapon Boutique.
 37481 | Shoals:2 | HP: 5/120 [faun/sling bullet (23)]
 37482 | Shoals:2 | Shot with a stone by a faun

Illustrated notes

Levels and vault maps discovered:
D:1:      minmay_arrival_hallway, layout_basic, serial_co_window_serial,
          co_window_of_opportunity_a, co_window_paths_a, co_window_corner_a,
          co_window_of_opportunity_a, co_window_corner_a, co_window_corner_a,
          co_window_corner_ca, co_window_broadway_a, co_window_2corner,
          co_window_cross_2, co_window_broadway_c, co_window_corner_ca
D:2:      layout_basic, minmay_heptomino_h4, uniq_terence, uniq_sigmund,
          uniq_robin
D:3:      layout_basic, shapermc_ecumenical_altar_totnotflames,
          kennysheep_path_1
D:4:      layout_loops_ring, serial_shops,
          nicolae_shop_temple_entry_statues_fountains, kennysheep_mini,
          nicolae_lakefront_shop, shop
D:5:      layout_cave_pods, minmay_temple_entry_sparse_star,
          minmay_misc_feat_chi, amethyst_killhole, minmay_misc_feat_five,
          uniq_crazy_yiuf_cottage
D:6:      layout_loops_ring
D:7:      layout_loops_ring
D:8:      layout_basic, serial_shops, nicolae_lakefront_shop
D:9:      layout_loops_cross, minmay_orc_entry_temple_small, minivault_27,
          uniq_maggie
D:10:     layout_irregular_city, lemuel_coloured_pillars_altar,
          grunt_lair_entry_orc_guard_hut, serial_park_tiny_1
D:11:     layout_loops_corners, gauntlet_entry_generic, hangedman_glass_garden,
          feat_on_display
D:12:     layout_irregular_city, portal_ice_cave_rime, minmay_joined_circles
D:13:     layout_basic, david_vaults_4, chequers_serial_rivers_micro_d,
          minmay_misc_feat_diagonals, hangedman_decor_growths, minivault_27
D:14:     layout_stronghold
D:15:     grunt_enter_depths_hoard, layout_long_grid,
          nemelex_lonely_heart_becter
Temple:   compressed_dpeg_triangle_lava_temple
Lair:1:   layout_gridlike
Lair:2:   layout_roguey, shoals_dummy_entry, nzn_ghost_randoct
Lair:3:   layout_cave_pods, maelrawn_ghost_gauntlet_escape, st_stairs_10,
          hangedman_lair_unloving_vines, infiniplex_staircase_pool
Lair:4:   layout_layer_cave, minmay_snake_entry_guardpost_small,
          kennysheep_rathole
Lair:5:   layout_cave_shapes, grunt_megastairs_1
Lair:6:   guppyfry_lair_end_dragon, layout_cave_pods, wormcave, slime_altar_1
Shoals:1: layout_shoals, gammafunk_ghost_arena, serial_shops,
          nicolae_square_shop
Shoals:2: layout_shoals, serial_shops, nicolae_diamond_shop, uniq_ilsuiw
Orc:1:    layout_caves, uniq_josephine
Orc:2:    pf_orc_diabolical, layout_diamond_mine, serial_shops,
          nicolae_shop_competitors_out_of_business, uniq_saint_roka, uniq_nessos

Skill      XL: |  1  2  3  4  5  6  7  8  9 10 11 12 13 14 15 |
---------------+----------------------------------------------+-----
Summonings     | 5 6 7 8 10 11 12 13 14 15 | 15.4
Dodging        | 3 4 7 8 |  8.2
Spellcasting   | 3 4 5 6 8 |  8.5
Shields        | 1 2 3 4 7 11 12 | 12.6
Air Magic      | 2 3 5 7 8 |  8.3
Armour         | 3 5 |  5.1
Fighting       | 4 7 9 10 | 10.7
Hexes          | 3 6 8 |  8.2
Polearms       | 4 6 |  6.6
Ice Magic      | 8 9 |  9.2
Translocations | 4 |  4.6
Stealth        | |  1.7

Action                   |  1- 3 |  4- 6 |  7- 9 | 10-12 | 13-15 || total
-------------------------+-------+-------+-------+-------+-------++-------
Melee: Hand axe          |    15 |       |       |       |       ||    15
       Dagger            |    69 |   104 |    35 |       |       ||   208
       Trident           |       |       |   149 |   314 |   336 ||   799
       Flail             |       |       |    40 |       |     8 ||    48
       Spear             |       |       |       |       |   519 ||   519
Throw: Javelin           |     6 |       |       |       |       ||     6
       Dart              |       |     5 |       |       |       ||     5
 Cast: Summon Small Mamm |    26 |       |       |       |       ||    26
       Call Imp          |    24 |    40 |    19 |     8 |       ||    91
       Call Canine Famil |       |    11 |    32 |    52 |    83 ||   178
       Summon Lightning  |       |       |    19 |    79 |   180 ||   278
       Slow              |       |       |       |       |     1 ||     1
       Tukima's Dance    |       |       |       |       |    11 ||    11
       Frozen Ramparts   |       |       |       |       |     1 ||     1
       Shadow Creatures  |       |       |       |       |    17 ||    17
Invok: Curse Item        |       |       |     1 |     2 |     1 ||     4
       Shatter the Chain |       |       |       |       |     1 ||     1
 Abil: Hop               |     2 |     1 |     1 |     2 |     6 ||    12
Evoke: Wand              |       |     5 |     2 |     8 |    25 ||    40
       Tin of tremorston |       |       |       |     1 |     3 ||     4
  Use: Potion            |     1 |       |     2 |     3 |     7 ||    13
       Scroll            |       |     4 |     2 |     2 |     4 ||    12
 Stab: Distracted        |     2 |     1 |     5 |    12 |    30 ||    50
       Paralysed         |       |     1 |     6 |       |     1 ||     8
       Sleeping          |       |     1 |     4 |     1 |     2 ||     8
Armor: Robe              |    11 |    30 |    24 |   102 |   141 ||   308
       Skin              |     8 |       |       |       |       ||     8
       Leather armour    |       |     4 |    12 |       |       ||    16
Dodge: Dodged            |    84 |    65 |    77 |   196 |   286 ||   708
Block: Other             |    29 |    22 |       |       |       ||    51
       Reflection        |     4 |     1 |     3 |       |    37 ||    45
       Buckler           |       |     2 |    93 |    95 |   118 ||   308
       Kite shield       |       |       |       |       |   347 ||   347
